 Dungeon Crawl Stone Soup version 0.22.0 (webtiles) character file.

7413 Blackhawk the Grappler (level 10, -1/104 HPs)
             Began as a Troll Monk on Oct 21, 2018.
             Was a High Priest of Okawaru.
             Slain by a killer bee (4 damage)
             ... on level 10 of the Dungeon.
             The game lasted 00:17:35 (8799 turns).

Blackhawk the Grappler (Troll Monk)                 Turns: 8799, Time: 00:17:35

Health: -1/104     AC:  5    Str: 21    XL:     10   Next: 92%
Magic:  9/9        EV: 21    Int:  6    God:    Okawaru [*****.]
Gold:   570        SH:  0    Dex: 20    Spells: 9/9 levels left

rFire    . . .     SeeInvis .     - Unarmed
rCold    + . .     Gourm    +   (no shield)
rNeg     . . .     Faith    .   a - +0 robe
rPois    .         Spirit   .   (helmet restricted)
rElec    .         Reflect  .   (no cloak)
rCorr    .         Harm     .   (gloves unavailable)
MR       .....                  (boots unavailable)
Stlth    ++++......             (no amulet)
HPRegen  0.67/turn              (no ring)
MPRegen  0.11/turn              n - ring of protection from cold

@: agile
A: large, unfitting armour, claws 3, fast metabolism 3, gourmand, regeneration
1, shaggy fur 1, tough skin 2
a: Heroism, Finesse, Renounce Religion


You were on level 10 of the Dungeon.
You worshipped Okawaru.
Okawaru was extremely pleased with you.
You were full.

You visited 2 branches of the dungeon, and saw 11 of its levels.
You also visited: Sewer.

You collected 570 gold pieces.

Inventory:

Hand Weapons
 g - a +2 dire flail of draining
 t - the +4 lajatang of Hell's Wrath {slice, rF+ rN+}
   (Okawaru gifted it to you on level 10 of the Dungeon)

   It inflicts extra damage upon your enemies.
   It protects you from fire.
   It protects you from negative energy.
 E - a +1 mace of holy wrath
Missiles
 d - 276 stones (quivered)
 x - 18 sling bullets
 y - 8 poisoned tomahawks
Armour
 a - a +0 robe (worn)
Jewellery
 n - a ring of protection from cold (right claw)
Wands
 D - a wand of disintegration (25)
 H - a wand of iceblast (11)
Scrolls
 c - 10 scrolls of identify
 e - 4 scrolls of remove curse
 i - 2 scrolls of blinking
 j - 2 scrolls of enchant weapon
 l - 5 scrolls of fear
 m - 2 scrolls of teleportation
 v - a scroll of amnesia
 F - a scroll of magic mapping
Potions
 f - a potion of degeneration {unknown}
 h - 2 potions of lignification {unknown}
 k - a potion of mutation
 o - a potion of ambrosia {unknown}
 p - 2 potions of haste {unknown}
 q - a potion of might {unknown}
 r - 6 potions of curing
 s - 3 potions of heal wounds {unknown}
 u - 2 potions of flight {unknown}
 w - 3 potions of agility
 A - 2 potions of magic {unknown}
Comestibles
 b - 17 rations


   Skills:
 + Level 8.0 Fighting
 + Level 1.2 Staves
 + Level 8.1 Dodging
 + Level 3.7 Stealth
 + Level 9.6 Unarmed Combat


You had 9 spell levels left.
You didn't know any spells.
Your spell library contained the following spells:

 Spells                   Type           Power        Failure   Level  Hunger
 Magic Dart               Conj           #...         45%         1    ##.....
 Conjure Flame            Conj/Fire      #.......     83%         3    ####...
 Slow                     Hex            #.......     58%         2    ###....
 Mephitic Cloud           Conj/Pois/Air  #.......     83%         3    ####...
 Blink                    Tloc           N/A          58%         2    ###....
 Call Imp                 Summ           #.......     58%         2    ###....


Dungeon Overview and Level Annotations

Branches:
Dungeon (10/15)            Temple (1/1) D:6            Lair (0/6) D:10
    Orc: D:9-12

Altars:
Ashenzari
Cheibriados
Elyvilon
Fedhas
Gozag
Kikubaaqudgha
Makhleb
Nemelex Xobeh
Okawaru
Ru
Sif Muna
Trog
Vehumet
Wu Jian

Annotations:
D:3 3 runed doors, Matudinoluver's ghost, amateur OpAs; spsoon's ghost, amateur VSGl


Innate Abilities, Weirdness & Mutations

You are too large for most types of armour.
You have claws for hands.
Your metabolism is lightning-fast.
You like to eat raw meat.
Your natural rate of healing is unusually fast.
You are covered in fur. (AC +1)
You have very tough skin. (AC +2)


Message History

The killer bee is moderately wounded.
The killer bee stings you but does no damage.
The killer bee stings you.
* * * LOW HITPOINT WARNING * * *
You are poisoned.
The killer bee poisons you! The killer bee misses you.
The killer bee stings you.
* * * LOW HITPOINT WARNING * * *
You are lethally poisoned!
The killer bee poisons you!
You feel better. The killer bee stings you.
* * * LOW HITPOINT WARNING * * *
The killer bee misses you. The killer bee closely misses you.
The killer bee stings you.
* * * LOW HITPOINT WARNING * * *
It was a potion of agility.
You feel agile all of a sudden.
The killer bee completely misses you. x2; The killer bee closely misses you.
The killer bee stings you.
You die...

#### #@y#
#y## ##h#
###########
#.W#
...........
#..#
.#####.....
#..# #.....
#..# #...>.
#..# #.....
#..# #.....


You could see a wraith, a hound and 2 killer bees.

Vanquished Creatures
  Erolcha (D:10)
  A two-headed ogre (D:9)
  Pikel (D:4)
  A gargoyle (D:9)
  2 hippogriffs
  Grinder (D:6)
  2 wyverns
  3 yaks (D:10)
  Eustachio (D:4)
  Edmund (D:4)
  A water moccasin (D:8)
  A slave (D:4)
  An ice beast (D:9)
  5 orc warriors
  A hornet zombie (D:5)
  4 ogres
  2 big kobolds (D:9)
  5 bullfrogs
  A wyvern skeleton (D:8)
  4 killer bees (D:10)
  4 scorpions
  3 howler monkeys (D:7)
  A centaur zombie (D:9)
  3 crimson imps
  A bullfrog zombie (D:5)
  A jelly (D:8)
  2 bullfrog skeletons
  7 orc priests
  6 hounds
  An iron imp (D:7)
  Jessica (D:3)
  5 iguanas
  7 orc wizards
  5 worker ants
  Terence (D:2)
  A worker ant zombie (D:9)
  2 howler monkey zombies
  Robin (D:2)
  13 adders
  3 gnolls (D:4)
  7 river rats (Sewer)
  3 shadow imps
  An ooze (Sewer)
  3 adder skeletons
  2 dart slugs
  6 leopard geckos
  41 orcs
  8 ball pythons
  11 bats
  3 giant cockroaches (D:1)
  15 goblins
  17 hobgoblins
  4 jackals (D:8)
  5 quokkas
  6 frilled lizards
  32 kobolds
  A leopard gecko skeleton (D:7)
  A quokka skeleton (D:5)
  25 rats
298 creatures vanquished.

Vanquished Creatures (others)
  2 fungi (D:7)
  2 plants
  A withered plant (D:3)
5 creatures vanquished.

Grand Total: 303 creatures vanquished

Notes
Turn   | Place    | Note
-------+----------+-------------------------------------------
     0 | D:1      | Blackhawk the Troll Monk began the quest for the Orb.
     0 | D:1      | Reached XP level 1. HP: 22/22 MP: 0/0
   184 | D:1      | Reached XP level 2. HP: 29/29 MP: 1/1
   657 | D:1      | Reached XP level 3. HP: 35/36 MP: 2/2
  1093 | D:2      | Found a sacrificial altar of Ru.
  1161 | D:2      | Noticed Robin
  1180 | D:2      | Killed Robin
  1180 | D:2      | Reached XP level 4. HP: 35/45 MP: 3/3
  1250 | D:2      | Found an iron altar of Okawaru.
  1264 | D:2      | Became a worshipper of Warmaster Okawaru
  1264 | D:2      | Reached * piety under Okawaru
  1264 | D:2      | Reached ** piety under Okawaru
  1581 | D:2      | Noticed Terence
  1596 | D:2      | Killed Terence
  1596 | D:2      | Reached skill level 4 in Unarmed Combat
  1670 | D:3      | Reached XP level 5. HP: 53/53 MP: 4/4
  1998 | D:3      | Found a burning altar of Makhleb.
  2060 | D:3      | Found a runed gate.
  2061 | D:3      | Found a runed gate.
  2062 | D:3      | Found a runed gate.
  2063 | D:3      | Noticed Matudinoluver's ghost (amateur OpAs)
  2064 | D:3      | Noticed spsoon's ghost (amateur VSGl)
  2370 | D:3      | Noticed Jessica
  2378 | D:3      | Killed Jessica
  2395 | D:3      | Found a glowing drain.
  2400 | Sewer    | Entered a sewer
  2470 | Sewer    | Reached XP level 6. HP: 45/62 MP: 5/5
  3316 | D:4      | Noticed Eustachio
  3352 | D:4      | Killed Eustachio
  3352 | D:4      | Reached *** piety under Okawaru
  3352 | D:4      | Reached skill level 5 in Unarmed Combat
  3352 | D:4      | Reached XP level 7. HP: 66/70 MP: 6/6
  3421 | D:4      | Noticed Pikel
  3443 | D:4      | Killed Pikel
  3443 | D:4      | Reached skill level 5 in Fighting
  3443 | D:4      | Reached skill level 5 in Dodging
  3443 | D:4      | Reached skill level 6 in Unarmed Combat
  3612 | D:4      | Reached **** piety under Okawaru
  3612 | D:4      | Reached XP level 8. HP: 65/80 MP: 7/7
  3631 | D:4      | Noticed Edmund
  3646 | D:4      | Killed Edmund
  4016 | D:4      | Found a white marble altar of Elyvilon.
  4016 | D:4      | Found an ornate altar of the Wu Jian Council.
  4168 | D:4      | Found a shattered altar of Ashenzari.
  4315 | D:4      | Found an ancient bone altar of Kikubaaqudgha.
  4528 | D:5      | Entered Level 5 of the Dungeon
  4672 | D:5      | Found a bloodstained altar of Trog.
  4733 | D:5      | Found a deep blue altar of Sif Muna.
  4764 | D:5      | Found an opulent altar of Gozag.
  4991 | D:6      | Found a staircase to the Ecumenical Temple.
  5053 | Temple   | Entered the Ecumenical Temple
  5062 | D:6      | Noticed a hippogriff
  5073 | D:6      | Killed a hippogriff
  5073 | D:6      | Reached skill level 7 in Unarmed Combat
  5340 | D:6      | Noticed Grinder
  5398 | D:6      | Killed Grinder
  5398 | D:6      | Reached XP level 9. HP: 38/89 MP: 8/8
  5604 | D:6      | Reached ***** piety under Okawaru
  5875 | D:7      | Reached skill level 8 in Unarmed Combat
  6387 | D:7      | Found a blossoming altar of Fedhas.
  6430 | D:7      | Found a snail-covered altar of Cheibriados.
  6740 | D:8      | Received a gift from Okawaru
  6872 | D:8      | Reached XP level 10. HP: 85/102 MP: 9/9
  7393 | D:9      | Noticed a two-headed ogre
  7401 | D:9      | Killed a two-headed ogre
  7425 | D:9      | Reached skill level 9 in Unarmed Combat
  7432 | D:9      | HP: 5/102 [orc warrior/glaive (22)]
  7645 | D:9      | Found a radiant altar of Vehumet.
  7672 | D:9      | Found a sparkling altar of Nemelex Xobeh.
  7705 | D:9      | Noticed a gargoyle
  7727 | D:9      | Killed a gargoyle
  8385 | D:10     | Entered Level 10 of the Dungeon
  8494 | D:10     | Received a gift from Okawaru
  8504 | D:10     | Got a translucent lajatang {god gift}
  8505 | D:10     | Identified the +4 lajatang of Hell's Wrath {slice, rF+ rN+} (Okawaru gifted it to you on level 10 of the Dungeon)
  8604 | D:10     | Noticed Erolcha
  8613 | D:10     | Killed Erolcha
  8613 | D:10     | Reached skill level 1 in Staves
  8694 | D:10     | Found a staircase to the Lair.
  8797 | D:10     | HP: 3/104 [killer bee (6)]
  8799 | D:10     | Slain by a killer bee

Skill      XL: |  1  2  3  4  5  6  7  8  9 10 |
---------------+-------------------------------+-----
Dodging        | 3 4 5 6 7 8 |  8.1
Fighting       | 3 4 5 6 7 8 |  8.0
Unarmed Combat | 4 5 6 7 8 9 |  9.6
Stealth        | 2 3 |  3.7
Staves         | 1 |  1.2

Action                   |  1- 3 |  4- 6 |  7- 9 | 10-12 || total
-------------------------+-------+-------+-------+-------++-------
Melee: Unarmed           |   112 |   223 |   367 |   185 ||   887
       Punch             |     3 |     6 |    18 |    14 ||    41
  Use: Scroll            |       |     4 |       |    10 ||    14
       Potion            |       |       |       |     3 ||     3
 Stab: Sleeping          |     7 |     4 |     5 |       ||    16
  Eat: Chunk             |    16 |    20 |    33 |    15 ||    84
Armor: Robe              |    37 |    57 |    70 |    40 ||   204
Dodge: Dodged            |    72 |   125 |   192 |   174 ||   563
